BSA
SEATTLE PIKES @ KANSAS CITY KINGS
08/25/2026
 
TOP OF THE 1ST
Seattle Pikes batting - Pitching for Kansas City Kings : LHP Jesús López
Pitching: LHP Jesús López
Batting: RHB Randy Sheppard 0-0: Ball
1-0: Ball
2-0: Foul Ball, location: 2F
2-1: Ground out 6-3 (Groundball, 6M)
Batting: RHB Iván Gonzáles 0-0: Foul Ball, location: 2F
0-1: Swinging Strike
0-2: Ball
1-2: Ball
2-2: Foul Ball, location: 2F
2-2: SINGLE (Line Drive, 9S)
Batting: RHB António Ortega 0-0: Ball
1-0: Ball
2-0: Ball
3-0: Swinging Strike
3-1: Base on Balls
Iván Gonzáles to second
Batting: RHB Alfredo Rivera 0-0: Called Strike
0-1: Foul Ball, location: 2F
0-2: DOUBLE (Groundball, 3D)
Iván Gonzáles scores
António Ortega to third
Runner from 3rd tries for Home, SAFE, throw made home
Batting: RHB Manuel Rico 0-0: Ball
1-0: DOUBLE (Line Drive, 7D)
Alfredo Rivera scores
Batting: RHB Tae-kwon Kwon 0-0: Fly out, F9 (Flyball, 9D)
Runner from 2nd tags up, SAFE at 3rd, no throw
Batting: RHB Kazushige Aoki 0-0: Ball
1-0: DOUBLE (Flyball, 8RXD)
Manuel Rico scores
Batting: RHB Jesús Torres 0-0: Ball
1-0: Called Strike
1-1: Ball
Wild Pitch!
Kazushige Aoki to third
2-1: Foul Ball, location: 2F
2-2: Foul Ball, location: 2F
2-2: Ball
3-2: SINGLE (Line Drive, 4MD)
Kazushige Aoki scores
Batting: LHB Chad Weaver 0-0: Ball
1-0: Foul Ball, location: 2F
1-1: Ground out 4-3 (Groundball, 4)
Top of the 1st over - 5 run(s), 5 hit(s), 0 error(s), 1 left on base; Seattle 5 - Kansas City 0
BOTTOM OF THE 1ST
Kansas City Kings batting - Pitching for Seattle Pikes : LHP Albert Lebel
Pitching: LHP Albert Lebel
Batting: RHB Chris Chandler 0-0: Called Strike
Reached via error on a dropped throw, E3
Batting: LHB Brian Boone 0-0: Ball
1-0: Called Strike
1-1: Called Strike
1-2: Foul Ball, location: 2F
1-2: Strikes out looking
Batting: RHB Toshimichi Kono 0-0: SINGLE (Line Drive, 8RS)
Chris Chandler to second
Batting: LHB Pablo Reyes 0-0: Called Strike
Chris Chandler steals 3rd base
Toshimichi Kono to second
0-1: Fly out, F7 (Flyball, 78S)
Batting: RHB Adrian Prouse 0-0: Ball
1-0: Foul Ball, location: 2F
1-1: 3-RUN HOME RUN (Flyball, 7D), Distance : 363 ft
Batting: RHB Dave Parker 0-0: Ball
1-0: Ball
2-0: Ground out 5-3 (Groundball, 56)
Bottom of the 1st over - 3 run(s), 2 hit(s), 1 error(s), 0 left on base; Seattle 5 - Kansas City 3
TOP OF THE 2ND
Seattle Pikes batting - Pitching for Kansas City Kings : LHP Jesús López
Batting: RHB Randy Sheppard 0-0: Ball
1-0: Ball
2-0: Called Strike
2-1: Fly out, F5 (Popup, 5SF)
Batting: RHB Iván Gonzáles 0-0: Ball
1-0: Ball
2-0: Foul Ball, location: 2F
2-1: Swinging Strike
2-2: Strikes out swinging
Batting: RHB António Ortega 0-0: Foul Ball, location: 2F
0-1: Foul Ball, location: 2F
0-2: Ball
1-2: Ball
2-2: Ball
3-2: Foul Ball, location: 2F
3-2: Foul Ball, location: 2F
3-2: Fly out, F7 (Line Drive, 7S)
Top of the 2nd over - 0 run(s), 0 hit(s), 0 error(s), 0 left on base; Seattle 5 - Kansas City 3
BOTTOM OF THE 2ND
Kansas City Kings batting - Pitching for Seattle Pikes : LHP Albert Lebel
Batting: RHB Ron James 0-0: Called Strike
0-1: Swinging Strike
0-2: Ball
1-2: Strikes out looking
Batting: LHB Vic Robertson 0-0: Ball
1-0: Swinging Strike
1-1: Called Strike
1-2: Foul Ball, location: 2F
1-2: Strikes out swinging
Batting: RHB Matt Richards 0-0: Swinging Strike
0-1: DOUBLE (Flyball, 7D)
Batting: RHB Chris Chandler 0-0: Called Strike
0-1: Foul Ball, location: 2F
0-2: Ball
1-2: Ball
2-2: Fly out, F7 (Flyball, 7M)
Bottom of the 2nd over - 0 run(s), 1 hit(s), 0 error(s), 1 left on base; Seattle 5 - Kansas City 3
TOP OF THE 3RD
Seattle Pikes batting - Pitching for Kansas City Kings : LHP Jesús López
Batting: RHB Alfredo Rivera 0-0: Swinging Strike
0-1: Called Strike
0-2: Ball
1-2: Ball
2-2: Foul Ball, location: 2F
2-2: Strikes out swinging
Batting: RHB Manuel Rico 0-0: Foul Ball, location: 2F
0-1: Ground out 5-3 (Groundball, 5D)
Batting: RHB Tae-kwon Kwon 0-0: Ball
1-0: Ball
2-0: Ball
3-0: Base on Balls
Batting: RHB Kazushige Aoki 0-0: Called Strike
0-1: Called Strike
0-2: Ball
1-2: Ball
2-2: Strikes out looking
Top of the 3rd over - 0 run(s), 0 hit(s), 0 error(s), 1 left on base; Seattle 5 - Kansas City 3
BOTTOM OF THE 3RD
Kansas City Kings batting - Pitching for Seattle Pikes : LHP Albert Lebel
Batting: LHB Brian Boone 0-0: Foul Ball, location: 2F
0-1: Foul Ball, location: 2F
0-2: Ball
1-2: Foul Ball, location: 2F
1-2: Ball
2-2: Strikes out swinging
Batting: RHB Toshimichi Kono 0-0: Foul Ball, location: 2F
0-1: Foul Ball, location: 2F
0-2: Ball
1-2: Fly out, F9 (Flyball, 89S)
Batting: LHB Pablo Reyes 0-0: Called Strike
0-1: SINGLE (Groundball, 4M)
Batting: RHB Adrian Prouse 0-0: Called Strike
0-1: Ball
1-1: Called Strike
1-2: Ball
Pablo Reyes is caught stealing 2nd base
Bottom of the 3rd over - 0 run(s), 1 hit(s), 0 error(s), 0 left on base; Seattle 5 - Kansas City 3
TOP OF THE 4TH
Seattle Pikes batting - Pitching for Kansas City Kings : LHP Jesús López
Batting: RHB Jesús Torres 0-0: Ball
1-0: Called Strike
1-1: Swinging Strike
1-2: Foul Ball, location: 2F
1-2: Ball
2-2: Foul Ball, location: 2F
2-2: Ball
3-2: Foul Ball, location: 2F
3-2: Strikes out swinging
Batting: LHB Chad Weaver 0-0: Foul Ball, location: 2F
0-1: Ball
1-1: Bunted foul
1-2: Strikes out swinging
Batting: RHB Randy Sheppard 0-0: Ball
1-0: Ball
2-0: Foul Ball, location: 2F
2-1: Swinging Strike
2-2: SOLO HOME RUN (Flyball, 7D), Distance : 369 ft
Batting: RHB Iván Gonzáles 0-0: Called Strike
0-1: Foul Ball, location: 2F
0-2: Ball
1-2: Ball
2-2: Ball
3-2: Base on Balls
Batting: RHB António Ortega 0-0: Called Strike
0-1: Called Strike
0-2: Foul Ball, location: 2F
0-2: Strikes out swinging
Top of the 4th over - 1 run(s), 1 hit(s), 0 error(s), 1 left on base; Seattle 6 - Kansas City 3
BOTTOM OF THE 4TH
Kansas City Kings batting - Pitching for Seattle Pikes : LHP Albert Lebel
Batting: RHB Adrian Prouse 0-0: Called Strike
0-1: Ball
1-1: Fly out, F9 (Flyball, 9S)
Batting: RHB Dave Parker 0-0: Ball
1-0: Ball
2-0: Called Strike
2-1: Called Strike
2-2: Strikes out swinging
Batting: RHB Ron James 0-0: Called Strike
0-1: Ball
1-1: Ball
2-1: Ball
3-1: Ground out 3-1 (Groundball, 34S)
Bottom of the 4th over - 0 run(s), 0 hit(s), 0 error(s), 0 left on base; Seattle 6 - Kansas City 3
TOP OF THE 5TH
Seattle Pikes batting - Pitching for Kansas City Kings : LHP Jesús López
Pitching: RHP Mike Hodges
Batting: RHB Alfredo Rivera 0-0: Foul Ball, location: 2F
0-1: Ground out 6-3 (Groundball, 6)
Batting: RHB Manuel Rico 0-0: Called Strike
0-1: SINGLE (Flyball, 8RS)
Batting: RHB Tae-kwon Kwon 0-0: Called Strike
0-1: Called Strike
0-2: Ball
1-2: Ball
2-2: Ball
3-2: Fly out, F8 (Popup, 8RS)
Batting: RHB Kazushige Aoki 0-0: Ball
1-0: Swinging Strike
1-1: Foul Ball, location: 2F
1-2: Strikes out swinging
Top of the 5th over - 0 run(s), 1 hit(s), 0 error(s), 1 left on base; Seattle 6 - Kansas City 3
BOTTOM OF THE 5TH
Kansas City Kings batting - Pitching for Seattle Pikes : LHP Albert Lebel
Batting: LHB Vic Robertson 0-0: Foul Ball, location: 2F
0-1: SOLO HOME RUN (Flyball, 9D), Distance : 435 ft
Batting: RHB Matt Richards 0-0: Ball
1-0: Swinging Strike
1-1: Foul Ball, location: 2F
1-2: DOUBLE (Line Drive, 7LD)
Batting: RHB Chris Chandler 0-0: Called Strike
0-1: Foul Ball, location: 2F
0-2: Ball
1-2: Foul Ball, location: 2F
1-2: Foul Ball, location: 2F
1-2: Ball
2-2: Ball
3-2: Foul Ball, location: 2F
3-2: Strikes out swinging
Batting: LHB Brian Boone 0-0: Ball
1-0: Called Strike
1-1: Foul Ball, location: 2F
1-2: Ball
2-2: Strikes out looking
Batting: RHB Toshimichi Kono 0-0: Called Strike
0-1: Ground out 6-3 (Groundball, 6)
Bottom of the 5th over - 1 run(s), 2 hit(s), 0 error(s), 1 left on base; Seattle 6 - Kansas City 4
TOP OF THE 6TH
Seattle Pikes batting - Pitching for Kansas City Kings : RHP Mike Hodges
Batting: RHB Jesús Torres 0-0: Ball
1-0: Ball
2-0: SINGLE (Line Drive, 6MD)
Batting: LHB Chad Weaver 0-0: Ball
1-0: Called Strike
1-1: Ball
2-1: Foul Ball, location: 2F
2-2: Ball
3-2: Fly out, F6 (Line Drive, 6)
Batting: RHB Randy Sheppard 0-0: Ball
1-0: Ball
2-0: Called Strike
2-1: Ball
3-1: Called Strike
3-2: Fielders Choice at 2nd, 6-4 (Groundball, 6)
Batting: RHB Iván Gonzáles 0-0: Ball
1-0: Swinging Strike
1-1: Ball
2-1: Fielders Choice at 2nd, U4 (Groundball, 4M)
Top of the 6th over - 0 run(s), 1 hit(s), 0 error(s), 1 left on base; Seattle 6 - Kansas City 4
BOTTOM OF THE 6TH
Kansas City Kings batting - Pitching for Seattle Pikes : LHP Albert Lebel
Pitching: RHP Orlando Ojeda
Batting: LHB Pablo Reyes 0-0: SOLO HOME RUN (Flyball, 7LD), Distance : 347 ft
Batting: RHB Adrian Prouse 0-0: Ball
1-0: Called Strike
1-1: Called Strike
1-2: Foul Ball, location: 2F
1-2: Ground out 6-3 (Groundball, 6)
Batting: RHB Dave Parker 0-0: Ball
1-0: Ball
2-0: Swinging Strike
2-1: Ball
3-1: Foul Ball, location: 2F
3-2: Ground out 4-3 (Groundball, 4)
Batting: RHB Ron James 0-0: Called Strike
0-1: Ball
1-1: Foul Ball, location: 2F
1-2: Strikes out looking
Bottom of the 6th over - 1 run(s), 1 hit(s), 0 error(s), 0 left on base; Seattle 6 - Kansas City 5
TOP OF THE 7TH
Seattle Pikes batting - Pitching for Kansas City Kings : RHP Mike Hodges
Pitching: RHP Tom McConnell
Batting: RHB António Ortega 0-0: Ball
1-0: SINGLE (Line Drive, 89S)
Batting: RHB Alfredo Rivera 0-0: Called Strike
0-1: Ball
1-1: Grounds into double play, 4-6-3 (Groundball, 4)
Batting: RHB Manuel Rico 0-0: Ball
1-0: Ball
2-0: Foul Ball, location: 2F
2-1: Ground out 5-3 (Groundball, 5S)
Top of the 7th over - 0 run(s), 1 hit(s), 0 error(s), 0 left on base; Seattle 6 - Kansas City 5
BOTTOM OF THE 7TH
Kansas City Kings batting - Pitching for Seattle Pikes : RHP Orlando Ojeda
Pitching: LHP António Alvarado
Batting: LHB Vic Robertson 0-0: Called Strike
0-1: Fly out, F6 (Line Drive, 6M)
Pitching: RHP José Salinas
Batting: RHB Matt Richards 0-0: Ball
1-0: Called Strike
1-1: Ball
2-1: SINGLE (Groundball, 56)
Pitching: LHP Manny Sandoval
Batting: RHB Chris Chandler 0-0: Fly out, F7 (Flyball, 7M)
Batting: LHB Brian Boone 0-0: Fly out, F6 (Popup, 56D)
Bottom of the 7th over - 0 run(s), 1 hit(s), 0 error(s), 1 left on base; Seattle 6 - Kansas City 5
TOP OF THE 8TH
Seattle Pikes batting - Pitching for Kansas City Kings : RHP Tom McConnell
Batting: RHB Tae-kwon Kwon 0-0: Ball
1-0: Swinging Strike
1-1: Swinging Strike
1-2: Ball
2-2: Strikes out swinging
Batting: RHB Kazushige Aoki 0-0: Called Strike
0-1: Foul Ball, location: 2F
0-2: Foul Ball, location: 2F
0-2: Ball
1-2: Foul Ball, location: 2F
1-2: Strikes out looking
Batting: RHB Jesús Torres 0-0: Called Strike
0-1: Ball
1-1: Fly out, F4 (Line Drive, 34)
Top of the 8th over - 0 run(s), 0 hit(s), 0 error(s), 0 left on base; Seattle 6 - Kansas City 5
BOTTOM OF THE 8TH
Kansas City Kings batting - Pitching for Seattle Pikes : LHP Manny Sandoval
Pitching: RHP Ernesto Beltrán
Batting: RHB Toshimichi Kono 0-0: SINGLE (Groundball, 56)
Batting: LHB Pablo Reyes 0-0: Foul Ball, location: 2F
0-1: Foul Ball, location: 2F
0-2: Foul Ball, location: 2F
0-2: Foul Ball, location: 2F
0-2: Fly out, F8 (Flyball, 8LD)
Batting: RHB Adrian Prouse 0-0: Grounds into double play, 6-4-3 (Groundball, 6)
Bottom of the 8th over - 0 run(s), 1 hit(s), 0 error(s), 0 left on base; Seattle 6 - Kansas City 5
TOP OF THE 9TH
Seattle Pikes batting - Pitching for Kansas City Kings : RHP Tom McConnell
Pitching: RHP Alonso Jiménez
Batting: LHB Chad Weaver 0-0: Ball
1-0: Ball
2-0: Ball
3-0: DOUBLE (Line Drive, 78XD)
Batting: RHB Randy Sheppard 0-0: Ball
1-0: Swinging Strike
1-1: SINGLE (Groundball, 56D) (infield hit)
Chad Weaver to third
Batting: RHB Iván Gonzáles 0-0: Called Strike
Randy Sheppard steals 2nd base
0-1: Fly out, F3 (Popup, 13S)
Batting: RHB António Ortega 0-0: Foul Ball, location: 2F
0-1: Called Strike
0-2: Ball
1-2: Ball
2-2: Strikes out swinging
Batting: RHB Alfredo Rivera 0-0: Ball
1-0: Foul Ball, location: 2F
1-1: Foul Ball, location: 2F
1-2: Fly out, F9 (Flyball, 9D)
Top of the 9th over - 0 run(s), 2 hit(s), 0 error(s), 2 left on base; Seattle 6 - Kansas City 5
BOTTOM OF THE 9TH
Kansas City Kings batting - Pitching for Seattle Pikes : RHP Ernesto Beltrán
Pitching: LHP Cristián Escobar
Batting: RHB Dave Parker 0-0: Fly out, F7 (Flyball, 7D)
Batting: RHB Ron James 0-0: Ball
1-0: Swinging Strike
1-1: Swinging Strike
1-2: Strikes out swinging
Batting: LHB Vic Robertson 0-0: Called Strike
0-1: Called Strike
0-2: Ball
1-2: Foul Ball, location: 2F
1-2: Ball
2-2: Foul Ball, location: 2F
2-2: Strikes out looking
Bottom of the 9th over - 0 run(s), 0 hit(s), 0 error(s), 0 left on base; Seattle 6 - Kansas City 5
Monday, December 5th, 2016 - OOTP Baseball 17.12 Build 75